 Dungeon Crawl Stone Soup version 0.26.1-2-gb8aa6d0cf2 (webtiles) character file.

Game seed: 5474615966394275059

54 infcreate the Sneak (level 3, -1/20 HPs)
             Began as a Vampire Enchanter on Mar 28, 2021.
             Slain by a kobold (2 damage)
             ... on level 1 of the Dungeon.
             The game lasted 00:07:14 (1221 turns).

infcreate the Sneak (Vampire Enchanter)             Turns: 1221, Time: 00:07:15

Health: -1/20      AC:  2    Str:  7    XL:     3   Next: 66%
Magic:  6/6        EV: 13    Int: 17    God:
Gold:   35         SH:  0    Dex: 15    Spells: 5/6 levels left

rFire    . . .     SeeInvis +   a - +1 dagger
rCold    + + .     Faith    .   (no shield)
rNeg     + + +     Spirit   .   b - +0 robe
rPois    ∞         Reflect  .   (no helmet)
rElec    .         Harm     .   (no cloak)
rCorr    .         Rampage  .   (no gloves)
Will     .....                  (no boots)
Stlth    +++++.....             (no amulet)
HPRegen  0.00/turn              (no ring)
MPRegen  0.10/turn              (no ring)

@: bloodless
A: fangs 3, see invisible, unbreathing
a: Bat Form, Revivify


You were on level 1 of the Dungeon.
You visited 1 branch of the dungeon, and saw 2 of its levels.

You collected 35 gold pieces.

Inventory:

Hand Weapons
 a - a +1 dagger (weapon)
Armour
 b - a +0 robe (worn)
Jewellery
 e - a +4 ring of protection {unknown}
Scrolls
 c - a scroll of identify {unknown}
 d - a scroll of teleportation {unknown}
 f - a scroll of immolation {unknown}
 g - a scroll of fear {unknown}
Potions
 h - 2 potions of curing {unknown}
 i - a potion of heal wounds {unknown}


   Skills:
 + Level 0.5 Fighting
 * Level 2.1 Short Blades
 * Level 2.7 Dodging
 * Level 5.1 Stealth
 + Level 2.2 Spellcasting
 * Level 4.9 Hexes


You had 5 spell levels left.
You knew the following spells:

 Your Spells              Type           Power        Failure   Level
a - Corona                Hex            20%          2%          1

Your spell library contained the following spells:

 Spells                   Type           Power        Failure   Level
 Confusing Touch          Hex            18%          8%          3
 Tukima's Dance           Hex            18%          8%          3
 Ensorcelled Hibernation  Hex/Ice        20%          11%         2
 Dazzling Flash           Conj/Hex       20%          21%         3


Dungeon Overview and Level Annotations

Branches:
Dungeon (2/15)

Altars:


Innate Abilities, Weirdness & Mutations

You do not regenerate when monsters are visible.
You are frail without blood (-20% HP).
You can heal yourself when you bite living creatures.
You are immune to poison.
You have razor-sharp teeth.
You have supernaturally acute eyesight. (SInv)
You can survive without breathing.


Message History

Found a stone staircase leading up.
The frilled lizard bites you but does no damage.
A leopard gecko comes into view.
Found an escape hatch in the floor.
There is a stone staircase leading up here.
The kobold hits you.
* * * LOW HITPOINT WARNING * * *
You climb upwards.
There is a stone staircase leading down here.
You hit the kobold but do no damage. The kobold hits you.
* * * LOW HITPOINT WARNING * * *
You hit the kobold but do no damage. The kobold closely misses you.
You hit the kobold.
The kobold is severely wounded.
The kobold hits you.
* * * LOW HITPOINT WARNING * * *
You closely miss the kobold.
The kobold is severely wounded.
The kobold hits you.
You die...

#..................##.#.#######
#.#.###.#######...............##
#.#.###.# #######.#######..#
#.#..##.# #.# ##.#
#.##.##.########## #.# #####.#
#.......##.......# #.# #......
#.......##.......####.# #.###..
#.##.##.##....K..##[..# #.#....
#.##..#.##.....@.##.### ##.#.###
#.##....##.......##.# #....#..
#.###.#.##.......##.# #.##.#.#
#.###.#.#####.#####.# #.#..#<.
#..........##.# #.# #.#..##.
#####..###.##.### #.# #.#.....
#..# #....#.###.#####.#.....
##.###.###...##.##....#.....
#......##.....#.##....######


You could see a kobold.

Vanquished Creatures
  A bullfrog skeleton (D:2)
  An adder (D:2)
  A ball python (D:1)
  3 giant cockroaches
  4 goblins
  2 hobgoblins (D:1)
  A frilled lizard (D:1)
  2 kobolds
  A rat (D:1)
16 creatures vanquished.

Notes
Turn   | Place    | Note
-------+----------+-------------------------------------------
     0 | D:1      | infcreate the Vampire Enchanter began the quest for the
                  | Orb.
     0 | D:1      | Reached XP level 1. HP: 13/13 MP: 3/3
   345 | D:1      | Reached XP level 2. HP: 15/15 MP: 5/5
   878 | D:2      | Reached skill level 5 in Stealth
   878 | D:2      | Reached XP level 3. HP: 11/20 MP: 4/6
  1220 | D:1      | HP: 1/20 [kobold (2)]
  1221 | D:1      | Slain by a kobold

Illustrated notes

Levels and vault maps discovered:
D:1:      ebering_trefoil_twist, layout_loops_cross, bh_walls_and_bars
D:2:      layout_basic, minivault_26, st_stairs_10,
          nicolae_dithmenos_through_a_glass_darkly

Skill      XL: |  1  2  3 |
---------------+----------+-----
Stealth        | 5 |  5.1
Short Blades   | 2 |  2.1
Fighting       | |  0.5
Dodging        | |  2.7
Spellcasting   | |  2.2
Hexes          | |  4.9

Action                   || total
-------------------------++-------
Melee: Dagger            ||    56
       Bite              ||     7
 Cast: Corona            ||     9
 Abil: Exsanguinate      ||     1
 Stab: Sleeping          ||     8
Armor: Robe              ||     4
Dodge: Dodged            ||    25
